Map: Ruins of Endion

Players

Fropez - Winner!

  • Race: Protoss Protoss
  • League: Silver
  • Spawn Location: 5:00

Chinito

  • Race: Zerg Zerg
  • League: Silver
  • Spawn Location: 7:00

VOD

Have the link to the VOD?

Description

Time

  • Played on: May 11, 2016, 1:23 p.m.
  • Length: 38:43
Show
View Real Time Build Order
Export as new Build Order

Fropez Protoss - Winner!

Build Orders:  

Get SALT Encoding   

  12  0:01  Probe (Chrono Boost)  
  13  0:18  Pylon  
  13  0:24  Assimilator  
  13  0:25  Probe (Chrono Boost)  
  14  0:38  Gateway  
  14  0:44  Probe (Chrono Boost)  
  15  0:54  Assimilator  
  15  0:55  Probe (Chrono Boost)  
  16  1:06  Probe (Chrono Boost)  
  16  1:10  Pylon  
  17  1:16  Probe (Chrono Boost)  
  18  1:27  Probe (Chrono Boost)  
  19  1:35  Cybernetics Core  
  19  1:39  Probe (Chrono Boost)  
  20  1:49  Probe (Chrono Boost)  
  22  2:12  Warp Gate (Chrono Boost), Mothership Core (Chrono Boost)  
  23  2:19  Gateway  
  23  2:29  Pylon  
  23  2:30  Probe (Chrono Boost)  
  24  2:40  Probe  
  25  2:55  Probe  
  25  2:56  Pylon  
  26  3:08  Probe  
  27  3:14  Gateway  
  27  3:15  Gateway  
  27  3:20  Probe  
  28  3:32  Probe  
  29  3:36  Pylon  
  29  3:44  Probe  
  30  3:56  Forge, Probe  
  30  3:58  Pylon  
  30  4:02  Pylon  
  31  4:10  Adept x4  
  31  4:15  Probe  
  40  4:32  Probe  
  41  4:44  Probe  
  38  4:51  Adept x4  
  42  5:01  Protoss Ground Weapons Level 1 (Chrono Boost)  
  42  5:04  Gateway  
  42  5:05  Gateway  
  42  5:15  Adept x2  
  42  5:20  Adept  
  47  5:22  Adept  
  50  5:35  Probe  
  50  5:45  Adept x4  
  58  6:10  Probe  
  59  6:22  Probe  
  60  6:34  Robotics Facility  
  60  6:45  Robotics Facility  
  60  6:46  Robotics Facility  
  60  6:49  Nexus  
  60  6:56  Pylon  
  60  7:03  Probe  
  60  7:04  Pylon  
  61  7:15  Probe  
  61  7:18  Protoss Ground Armor Level 1 (Chrono Boost)  
  62  7:25  Adept  
  62  7:26  Twilight Council, Adept  
  62  7:28  Probe  
  62  7:29  Assimilator  
  67  7:35  Assimilator  
  67  7:40  Probe  
  68  7:52  Probe  
  69  8:04  Resonating Glaives (Chrono Boost), Probe  
  70  8:09  Immortal  
  74  8:23  Immortal  
  74  8:25  Probe  
  74  8:26  Probe  
  80  8:37  Probe  
  81  8:56  Immortal  
  81  9:02  Immortal  
  89  9:31  Adept x2  
  93  9:35  Protoss Ground Weapons Level 2 (Chrono Boost)  
  93  9:38  Forge  
  93  9:41  Pylon  
  93  9:45  Pylon  
  93  9:52  Pylon  
  93  9:59  Immortal x2  
  101  10:18  Probe  
  101  10:19  Probe  
  103  10:26  Protoss Ground Armor Level 2 (Chrono Boost)  
  103  10:35  Adept x3  
  103  10:36  Adept x2  
  103  10:38  Immortal  
  115  10:44  Pylon  
  115  10:46  Pylon  
  115  10:50  Pylon  
  115  10:54  Probe x2  
  117  11:03  Immortal  
  121  11:06  Probe x2  
  123  11:14  Nexus  
  123  11:18  Pylon  
  123  11:21  Probe  
  124  11:42  Observer  
  124  11:43  Observer  
  126  11:52  Protoss Ground Weapons Level 3 (Chrono Boost)  
  126  11:57  Zealot x4  
  130  13:03  Probe  
  130  13:04  Probe  
  130  13:05  Probe  
  133  13:36  Observer x2, Assimilator  
  133  13:40  Assimilator  
  135  13:43  Pylon  
  135  13:45  Dark Shrine  
  135  13:46  Pylon  
  135  14:02  Stalker x3  
  141  14:03  Stalker x2  
  141  14:04  Adept  
  147  14:17  Protoss Ground Armor Level 3 (Chrono Boost)  
  147  14:19  Protoss Shields Level 1 (Chrono Boost)  
  147  14:25  Pylon  
  147  14:36  Pylon  
  147  14:37  Nexus, Assimilator  
  147  14:38  Assimilator  
  147  14:39  Pylon x2  
  147  14:50  Assimilator  
  147  14:51  Nexus, Dark Shrine  
  147  14:53  Pylon x2, Assimilator  
  147  14:54  Pylon  
  131  15:33  Dark Templar x5  
  131  15:34  Dark Templar  
  137  16:24  Stalker x2  
  137  16:25  Stalker x4  
  149  16:36  Gateway  
  149  16:37  Gateway  
  149  16:39  Gateway  
  149  16:41  Gateway  
  149  16:42  Gateway  
  149  16:44  Gateway  
  149  16:46  Pylon  
  149  16:49  Gateway, Protoss Shields Level 2 (Chrono Boost)  
  149  16:51  Blink (Chrono Boost)  
  149  16:57  Pylon  
  149  17:00  Pylon  
  149  17:43  Assimilator  
  149  17:47  Assimilator  
  149  17:48  Photon Cannon  
  149  17:50  Pylon  
  149  17:51  Photon Cannon x2  
  149  17:52  Pylon  
  149  17:54  Pylon  
  149  17:58  Dark Templar x2  
  149  17:59  Dark Templar x4  
  161  18:05  Nexus  
  161  18:09  Assimilator  
  161  18:11  Assimilator  
  161  18:12  Pylon  
  161  18:15  Pylon x2  
  161  18:16  Pylon  
  147  18:46  Stalker x2  
  147  18:47  Stalker x4  
  159  18:59  Protoss Shields Level 3 (Chrono Boost)  
  159  19:02  Stalker  
  159  19:03  Stalker x6  
  159  19:06  Charge (Chrono Boost)  
  159  19:08  Probe x2  
  159  19:09  Probe x3  
  178  19:28  Probe x2  
  178  19:29  Probe x2  
  178  19:30  Probe x2  
  184  19:41  Nexus  
  184  19:56  Stalker x2  
  184  19:57  Stalker x6  
  200  20:53  Robotics Bay  
  198  21:00  Templar Archives  
  194  21:04  Pylon  
  194  21:09  Dark Templar x5  
  200  21:46  Observer Gravitic Boosters (Chrono Boost)  
  200  21:57  Photon Cannon  
  200  21:58  Pylon  
  200  21:59  Photon Cannon  
  200  22:00  Photon Cannon  
  196  22:02  Pylon  
  193  22:35  Probe, Photon Cannon  
  193  22:36  Probe, Photon Cannon  
  195  22:39  Photon Cannon  
  195  22:40  Photon Cannon  
  195  22:46  Photon Cannon  
  195  22:49  Gravitic Drive (Chrono Boost)  
  195  22:50  Warp Prism  
  195  22:51  Warp Prism  
  197  22:58  Photon Cannon  
  199  22:59  Photon Cannon  
  199  23:09  Photon Cannon  
  199  23:11  Pylon  
  189  23:12  Photon Cannon  
  189  23:17  Dark Templar x5  
  189  23:18  Dark Templar x4  
  189  23:19  Photon Cannon x2  
  193  23:25  Pylon  
  159  23:32  Pylon  
  133  23:35  Zealot x6  
  133  23:36  Zealot x5  
  133  23:37  Zealot x2  
  133  23:40  Probe x2  
  131  23:43  Pylon  
  131  23:47  Photon Cannon  
  127  23:58  Pylon  
  127  24:06  Pylon, Zealot x3  
  127  24:07  Zealot x6  
  127  24:08  Zealot x4  
  153  24:12  Psionic Storm  
  153  24:21  Pylon  
  153  24:25  Pylon  
  153  24:26  Extended Thermal Lance  
  145  24:42  Stalker x2  
  145  24:43  Stalker  
  145  24:44  Stalker x6  
  145  24:45  Stalker x4  
  157  24:58  Gateway  
  157  25:00  Gateway  
  157  25:02  Gateway  
  157  25:07  Gateway  
  157  25:08  Gateway x2  
  157  25:10  Gateway  
  157  25:13  Gateway  
  155  25:30  Assimilator  
  155  25:32  Assimilator  
  155  25:48  Pylon  
  155  25:54  Assimilator  
  155  25:58  Assimilator  
  155  26:01  Pylon  
  155  26:02  Pylon  
  155  26:05  Pylon  
  153  26:22  Stalker x5  
  153  26:23  Stalker x2  
  161  26:58  Stalker  
  161  26:59  Stalker x6  
  161  27:00  Stalker x2  
  161  27:01  Stalker x5  
  181  27:02  Stalker x5  
  193  27:37  Nexus  
  193  27:40  Pylon  
  193  27:43  Pylon  
  193  27:46  Pylon  
  193  28:00  Stargate  
  193  28:02  Stargate  
  193  28:04  Stargate  
  193  28:08  Stargate  
  193  28:11  Stargate x2  
  193  28:13  Stargate  
  193  28:22  Stargate  
  193  28:26  Pylon  
  193  28:32  Pylon  
  193  28:34  Stalker x2  
  193  28:35  Stalker  
  199  28:42  Robotics Facility  
  199  28:43  Robotics Facility  
  199  28:45  Robotics Facility  
  197  29:11  Fleet Beacon  
  197  29:13  Pylon  
  191  29:57  Carrier (Chrono Boost)  
  197  30:48  Carrier (Chrono Boost)  
  175  30:50  Carrier (Chrono Boost)  
  175  30:51  Carrier x2 (Chrono Boost)  
  107  30:58  Carrier x2 (Chrono Boost)  
  107  31:01  Carrier (Chrono Boost)  
  147  31:18  Observer x3  
  150  31:25  Zealot x2  
  150  31:26  Zealot x6  
  150  31:27  Zealot x6  
  150  31:28  Zealot x3  
  184  31:39  Observer x2  
  182  31:40  Observer  
  182  31:42  Carrier  
  155  32:01  Carrier  
  155  32:04  Stalker  
  155  32:05  Stalker x2  
  155  32:06  Stalker  
  165  32:31  Probe  
  166  32:43  Probe  
  167  32:55  Probe  
  168  33:05  Nexus  
  164  33:37  Photon Cannon  
  164  33:42  Photon Cannon  
  164  33:45  Cybernetics Core  
  164  33:46  Cybernetics Core  
  164  34:05  Pylon  
  164  34:12  Nexus  
  164  34:34  Protoss Air Armor Level 1 (Chrono Boost)  
  164  34:35  Protoss Air Weapons Level 1 (Chrono Boost)  
  156  35:08  Probe  
  156  35:09  Probe x2  
  156  35:10  Probe x3  
  162  35:18  Probe  
  163  35:23  Stalker  
  163  35:25  Stalker  
  163  36:02  Stalker  
  163  36:03  Stalker  
  167  36:08  Probe, Stalker  
  167  36:11  Probe  
  169  36:14  Probe x2  
  167  36:46  Stalker x3  
  173  36:51  Stalker  
  173  36:52  Stalker x3  
  181  37:58  Stalker x4  
  185  37:59  Stalker  
Show
View Real Time Build Order
Export as new Build Order

Chinito Zerg 

Build Orders: Pool First, Lurkers 

Get SALT Encoding   

  12  0:06  Drone  
  13  0:13  Overlord  
  13  0:33  Spawning Pool  
  13  0:35  Drone  
  13  0:40  Drone  
  14  0:48  Drone  
  15  0:51  Drone  
  16  0:58  Extractor, Drone  
  16  1:08  Drone  
  17  1:21  Queen  
  19  1:29  Extractor  
  19  1:31  Drone x2  
  20  1:41  Roach Warren  
  20  1:46  Zergling x2  
  20  1:51  Overlord  
  20  1:58  Metabolic Boost  
  20  2:07  Zergling x2  
  21  2:27  Lair  
  21  2:34  Roach x3  
  27  2:39  Roach  
  27  2:43  Zergling x2  
  30  2:52  Overlord  
  30  3:01  Overlord  
  30  3:28  Overlord  
  30  3:29  Overlord  
  30  3:30  Zergling x2  
  30  3:31  Zergling x2  
  32  3:35  Drone  
  33  3:42  Overseer  
  33  3:46  Overseer  
  33  3:55  Overseer  
  32  4:51  Queen  
  34  4:58  Drone  
  34  4:59  Drone x2  
  38  5:00  Zergling x4, Drone  
  40  5:21  Glial Reconstitution  
  40  5:26  Ravager x2  
  40  5:27  Ravager x2  
  44  6:13  Roach  
  44  6:14  Roach x2  
  50  6:20  Spine Crawler  
  50  6:22  Spine Crawler  
  50  6:24  Burrow  
  48  6:34  Hydralisk Den  
  47  8:17  Lurker Den  
  47  8:23  Drone  
  47  8:24  Drone x4  
  52  8:37  Hatchery  
  52  8:38  Extractor  
  48  8:41  Extractor  
  48  8:42  Spine Crawler  
  48  8:44  Spine Crawler  
  43  8:58  Hydralisk x2  
  43  8:59  Hydralisk x4  
  54  9:27  Ravager  
  54  9:28  Ravager x2  
  57  9:46  Overseer x2  
  57  9:58  Drone x3  
  60  10:01  Drone x2  
  62  10:40  Drone x3  
  65  10:44  Queen  
  67  10:53  Overlord x4  
  67  10:54  Overlord  
  67  11:02  Drone  
  68  11:19  Lurker x3  
  68  11:20  Lurker x3  
  74  11:28  Muscular Augments  
  74  11:29  Tunneling Claws  
  74  11:36  Overseer x3  
  74  13:02  Drone  
  74  13:03  Drone x5  
  80  13:16  Drone x4  
  80  13:17  Drone x2  
  86  13:32  Hatchery  
  86  13:33  Nydus Network  
  84  13:35  Spire  
  83  13:43  Spore Crawler  
  83  13:45  Spore Crawler  
  83  13:46  Spore Crawler  
  83  13:47  Spore Crawler  
  79  13:55  Hydralisk  
  79  13:56  Hydralisk x4  
  79  13:58  Hydralisk x3, Spore Crawler x2  
  79  14:02  Spore Crawler  
  92  14:15  Extractor  
  91  14:50  Extractor  
  90  14:53  Mutalisk  
  90  14:54  Mutalisk x2  
  96  15:23  Hydralisk  
  96  15:24  Hydralisk  
  100  15:38  Drone x3  
  100  15:41  Queen  
  105  15:44  Hydralisk  
  105  15:45  Hydralisk  
  109  15:53  Nydus Canal  
  109  16:26  Drone x2  
  109  16:27  Drone  
  109  16:28  Queen  
  114  17:02  Overlord x3  
  114  17:11  Zerg Flyer Weapons Level 1  
  114  17:16  Overlord x3  
  114  17:17  Overlord x2  
  114  17:22  Hydralisk x3  
  120  18:45  Hydralisk x6  
  120  18:47  Hydralisk x5  
  141  19:05  Zerg Flyer Armor Level 1  
  137  19:48  Nydus Canal  
  138  20:00  Lurker x7  
  138  20:01  Lurker  
  138  20:02  Nydus Canal  
  138  20:04  Overlord x3  
  138  20:06  Overlord x5  
  138  20:07  Overlord  
  145  20:17  Overlord x2, Nydus Canal  
  145  20:18  Overlord x3  
  145  20:43  Overseer  
  145  20:44  Overseer x2  
  145  20:59  Zerg Flyer Weapons Level 2  
  143  21:15  Hydralisk  
  143  21:16  Hydralisk x5  
  143  21:17  Hydralisk  
  143  21:18  Hydralisk x4  
  157  21:21  Hydralisk x5  
  175  21:56  Lair  
  175  22:12  Lurker x6  
  175  22:13  Lurker  
  182  22:34  Hatchery  
  182  22:35  Extractor  
  182  22:36  Extractor  
  179  22:41  Spine Crawler  
  179  22:42  Spine Crawler  
  177  22:45  Spore Crawler  
  80  23:36  Overlord x3  
  80  23:37  Overlord x3  
  80  23:41  Hydralisk x3  
  80  23:43  Hydralisk x6  
  86  24:07  Overlord x2  
  86  24:11  Overseer x7  
  86  24:12  Overseer x6  
  86  24:25  Queen  
  86  24:27  Drone x3  
  91  25:20  Drone  
  91  25:21  Drone x2  
  94  25:24  Hydralisk x3  
  94  25:25  Hydralisk x2  
  102  25:37  Lurker x3  
  102  25:38  Lurker x5  
  110  26:16  Mutalisk  
  110  26:17  Mutalisk x5  
  122  26:19  Mutalisk x5  
  122  26:22  Mutalisk  
  102  27:18  Zergling x6  
  80  27:37  Zergling x2  
  80  27:38  Hydralisk, Zergling x4  
  80  27:39  Hydralisk x5  
  80  27:41  Hydralisk  
  80  27:42  Hydralisk  
  80  27:43  Hydralisk  
  99  27:44  Hydralisk x4  
  109  28:42  Hydralisk  
  109  28:43  Hydralisk x5  
  117  29:55  Mutalisk x3  
  123  30:00  Mutalisk x3  
  123  30:02  Mutalisk  
  123  30:03  Mutalisk x2  
  115  31:18  Nydus Canal  
  55  32:27  Mutalisk  
  55  32:28  Mutalisk x2  
  55  32:29  Mutalisk x3  
  63  32:31  Mutalisk  
  44  34:03  Mutalisk x2  
  44  34:04  Mutalisk  
  44  34:07  Mutalisk x2  
  54  34:10  Zergling x6  
  12  36:38  Zergling x2  
  12  36:39  Zergling x4  
  15  36:44  Zergling x6  
  18  36:47  Zergling x2  
  18  36:48  Zergling x4  
Tags
 
Composition
Lurkers
Matchup
PvZ
Opening
Pool First
Replay Pack
All Mines
Spawn Locations
Close Positions
Add a new tag
Caveats
  • Supply blocks, unpowered buildings, or Contaminate may cause inaccurate times.
  • Supply counts are checked every 10 seconds.